 Dungeon Crawl Stone Soup version 0.20-a0-792-g09bcfd3 (webtiles) character file.

42 Alarkh the Slasher (level 3, 29/29 HPs)
             Began as a Demonspawn Monk on Feb 28, 2017.
             Got out of the dungeon alive.
             The game lasted 00:01:57 (1520 turns).

Alarkh the Slasher (Demonspawn Monk)                Turns: 1520, Time: 00:01:58

Health: 29/29      AC:  4    Str: 11    XL:     3   Next: 35%
Magic:  3/3        EV: 13    Int: 12    God:
Gold:   100        SH:  0    Dex: 15    Spells: 2/2 levels left

rFire    . . .     SeeInvis .   a - +0 dagger (venom)
rCold    . . .     Gourm    .   k - +0 robe
rNeg     . . .     Faith    .   (no shield)
rPois    .         Spirit   .   (no helmet)
rElec    .         Reflect  .   (no cloak)
rCorr    .         Harm     .   f - +1 pair of gloves
MR       .....                  (no boots)
Stlth    ++........             n - amulet of rage
Regen    0.1/turn               (no ring)
MPRegen  0.1/turn               (no ring)

@: no status effects
A: talons 1, powered by death 1
a: Evoke Berserk Rage


You escaped.
You were not hungry.

You visited 1 branch of the dungeon, and saw 2 of its levels.

You collected 100 gold pieces.

Inventory:

Hand Weapons
 a - a +0 dagger of venom (weapon)
 b - a +0 falchion
Armour
 f - a +1 pair of gloves (worn)
 k - a +0 robe (worn)
Jewellery
 n - an amulet of rage (around neck)
Scrolls
 j - 2 scrolls of identify {unknown}
 l - a scroll of recharging {unknown}
 o - a scroll of immolation {unknown}
Potions
 d - a potion of lignification {unknown}
 e - a potion of mutation {unknown}
 m - a potion of brilliance {unknown}
 p - a potion of invisibility {unknown}
Comestibles
 c - a bread ration
 g - a meat ration
 h - 4 fruits
 i - a royal jelly
 q - 3 chunks of flesh


   Skills:
 + Level 3.3 Fighting
 * Level 3.4 Long Blades
 + Level 3.1 Dodging
 - Level 1.7 Stealth


You had 2 spell levels left.
You didn't know any spells.

Dungeon Overview and Level Annotations

Branches:
Dungeon (2/15)

Altars:
Hepliaklqana
Kikubaaqudgha
Zin


Innate Abilities, Weirdness & Mutations

You have sharp toenails.
You regenerate a little health from kills.


Message History

The worm is severely wounded.
You kill the worm!
No target in view!
No target in view!
No target in view!
No target in view!
No target in view!
No target in view!
No target in view!
(D) Dungeon
Where to? (Enter - D:2 @ (x,y), ? - help)
q - 3 chunks of flesh You see here 23 sling bullets.
There is a stone staircase leading up here.
You climb upwards.
There is a stone staircase leading down here.
There is an open door here.
There is a staircase leading out of the dungeon here.
Are you sure you want to leave the Dungeon?
This will make you lose the game!
You have escaped!

#..........##.##..#..#...####....
#.....[....##.##..#..###.........
#..........##..........+.........
#..........#####'#######.........
#..........#.........#...........
#..........#.........#.########..
#..........#..⌠...⌠..#.#.######..
#..........#.........#.#......#.#
#..........'....@....'.#.####.#.#
#..........#.........#........#..
...........#..⌠...⌠..#...########
#..........#.........#.###.......
#..........#.........#.###.#####)
##########.#####'#####...#.# ###.
#.....# #......##...#.# #..(
#.##### #.####.#......# #... #.#
#.# #.####...###...


There were no monsters in sight!

Vanquished Creatures
  An adder (D:2)
  3 worms (D:2)
  A dart slug (D:1)
  A giant cockroach (D:1)
  4 goblins
  2 hobgoblins
  4 bats
  2 frilled lizards
  3 kobolds
  4 rats
25 creatures vanquished.

Notes
Turn   | Place    | Note
-------+----------+-------------------------------------------
     0 | D:1      | Alarkh the Demonspawn Monk began the quest for the Orb.
     0 | D:1      | Reached XP level 1. HP: 18/18 MP: 1/1
   323 | D:1      | Gained mutation: You regenerate a little health from kills. [demonic ancestry]
   323 | D:1      | Reached XP level 2. HP: 22/24 MP: 2/2
   690 | D:2      | Found a hazy altar of Hepliaklqana.
   732 | D:2      | Found an ancient bone altar of Kikubaaqudgha.
  1258 | D:2      | Gained mutation: You have sharp toenails. [demonic ancestry]
  1258 | D:2      | Reached XP level 3. HP: 17/29 MP: 3/3
  1412 | D:2      | Found a glowing silver altar of Zin.
  1520 | D:$      | Got out of the dungeon alive.

Vault maps used:
D:1:      mushboom_english_gardens, minmay_misc_feat_tower
D:2:      nicolae_overflow_crystal_walls, zin_statuary, marbit_many_paths

Skill      XL: |  1  2 |
---------------+-------+-----
Long Blades    | 3 |  3.4
Dodging        | 3 |  3.1
Fighting       | |  3.3
Stealth        | |  1.7

Action                   || total
-------------------------++-------
Melee: Falchion          ||    76
       Dagger            ||    16
       Kick              ||     4
  Use: Potion            ||     3
 Stab: Sleeping          ||     5
  Eat: Chunk             ||     2
Armor: Robe              ||    19
Dodge: Dodged            ||    45
       Rpst.: Falchion   ||    13
